 Dungeon Crawl Stone Soup version 0.20.1-1-g8b1a95d (webtiles) character file.

1334 HuneSparrow the Slasher (level 8, -6/63 HPs)
             Began as a Demonspawn Fighter on July 22, 2017.
             Mangled by an orc warrior
             ... wielding a +0 war axe
              (16 damage)
             ... on level 5 of the Dungeon.
             The game lasted 00:11:33 (5388 turns).

HuneSparrow the Slasher (Demonspawn Fighter)        Turns: 5388, Time: 00:11:33

Health: -6/63      AC: 14    Str: 18    XL:     8   Next: 35%
Magic:  0/8        EV:  3    Int: 15    God:
Gold:   237        SH: 16    Dex: 13    Spells: 7/7 levels left

rFire    . . .     SeeInvis .   a - +0 long sword
rCold    . . .     Gourm    .   c - +0 shield
rNeg     . . .     Faith    .   j - +0 plate armour
rPois    .         Spirit   +   (no helmet)
rElec    .         Reflect  .   r - +0 cloak
rCorr    .         Harm     .   u - +0 pair of gloves
MR       .....                  (no boots)
Stlth    ..........             b - amulet of guardian spirit
Regen    0.2/turn               e - +5 ring of intelligence
MPRegen  0.2/turn               i - ring of stealth

@: no status effects
A: hooves 1, large bone plates 2, spiny 2
a: no special abilities


You were on level 5 of the Dungeon.
You were not hungry.

You visited 1 branch of the dungeon, and saw 7 of its levels.

You collected 237 gold pieces.

Inventory:

Hand Weapons
 a - a +0 long sword (weapon)
Armour
 c - a +0 shield (worn)
 j - a +0 plate armour (worn)
 r - a +0 cloak (worn)
 u - a +0 pair of gloves (worn)
Jewellery
 b - an amulet of guardian spirit (around neck)
 e - a +5 ring of intelligence (left hand)
 i - a ring of stealth (right hand)
 w - an uncursed ring of ice
Scrolls
 g - 2 scrolls of fear
 k - 3 scrolls of remove curse {unknown}
 l - 2 scrolls of noise {unknown}
 o - 2 scrolls of teleportation {unknown}
 p - 2 scrolls of enchant weapon {unknown}
 t - 2 scrolls of amnesia {unknown}
 x - a scroll of enchant armour {unknown}
 y - 4 scrolls of identify
 A - a scroll of immolation {unknown}
Potions
 d - a potion of might
 m - a potion of lignification
 n - 2 potions of magic
 q - a potion of curing {unknown}
 s - 2 potions of agility
 v - a potion of heal wounds {unknown}
Comestibles
 f - 2 bread rations
 h - a royal jelly


   Skills:
 + Level 5.4 Fighting
 * Level 5.9 Long Blades
 + Level 5.1 Armour
 + Level 4.9 Shields


You had 7 spell levels left.
You didn't know any spells.

Dungeon Overview and Level Annotations

Branches:
Dungeon (7/15)
 Temple: D:4-7

Altars:
Ashenzari
Gozag
Hepliaklqana
Nemelex Xobeh
Okawaru
Ru
Vehumet

Shops:
D:5 (


Innate Abilities, Weirdness & Mutations

You have large cloven feet.
You are mostly covered in large bone plates. (SH +6)
You are mostly covered in sharp spines.


Message History

You closely miss the orc warrior. Your kick misses the orc warrior.
The orc warrior is severely wounded.
You block the orc warrior's attack.
You hit the orc warrior.
You kick the orc warrior, but do no damage.
The orc warrior is severely wounded.
You block the orc warrior's attack.
You hit the orc warrior but do no damage.
The orc warrior is severely wounded.
The orc warrior hits you with a war axe.
Your shield and plate armour prevent you from hitting the orc warrior.
The orc warrior is severely wounded.
The orc warrior hits you with a war axe!!
* * * LOW HITPOINT WARNING * * *
You barely miss the orc warrior.
The orc warrior is severely wounded.
The orc warrior barely misses you.
Okay, then.
The orc warrior hits you with a war axe!!
You die...

############# ##...........#
##.#.#####.##.# #######.###.##
#.##.# #......## ##.# #.##.#
#.#####.###.## #.##.#
###.######.#.#####.##.#####
#.........#...o...........#
#.#.#####.###@#####.#.###>#
#.#.# #.##...## #.#.# #.#
#.#.### #.#.....###.#.###.#
#.#...# #........##.#...#.#
#.....###.........#.##....####
##.......'.........'...........
#.[....###.........####....####
#.................## ##.#.#
#.##########.....## ###.#


You could see an orc warrior.

Vanquished Creatures
  A water moccasin (D:6)
  A black bear (D:3)
  A centaur (D:5)
  3 ogres
  Blork the orc (D:4)
  4 howler monkeys
  2 jellies (D:5)
  4 orc priests
  A hound (D:4)
  3 orc wizards (D:3)
  A bullfrog skeleton (D:4)
  Terence (D:2)
  An iguana (D:4)
  A hound skeleton (D:4)
  9 adders
  4 gnolls (D:5)
  A shadow imp (D:6)
  A worm (D:2)
  2 dart slugs
  A leopard gecko (D:6)
  11 orcs
  3 ball pythons
  4 giant cockroaches
  5 goblins
  4 hobgoblins
  7 jackals (D:5)
  4 quokkas
  8 bats
  5 frilled lizards
  10 kobolds
  7 rats
111 creatures vanquished.

Notes
Turn   | Place    | Note
-------+----------+-------------------------------------------
     0 | D:1      | HuneSparrow the Demonspawn Fighter began the quest for the Orb.
     0 | D:1      | Reached XP level 1. HP: 18/18 MP: 1/1
   357 | D:1      | Gained mutation: You are partially covered in sharp spines. [demonic ancestry]
   357 | D:1      | Reached XP level 2. HP: 24/24 MP: 2/2
   955 | D:2      | Noticed Terence
   970 | D:2      | Killed Terence
   970 | D:2      | Gained mutation: You are mostly covered in sharp spines. [demonic ancestry]
   970 | D:2      | Reached XP level 3. HP: 18/29 MP: 3/3
  1468 | D:2      | Gained mutation: You are partially covered in large bone plates. (SH +4) [demonic ancestry]
  1468 | D:2      | Reached XP level 4. HP: 36/36 MP: 4/4
  1716 | D:3      | Found a faded altar of an unknown god.
  1781 | D:3      | Reached XP level 5. HP: 20/42 MP: 5/5
  1966 | D:3      | Found a sacrificial altar of Ru.
  2292 | D:3      | Found a shattered altar of Ashenzari.
  2630 | D:4      | Gained mutation: You have large cloven feet. [demonic ancestry]
  2630 | D:4      | Reached XP level 6. HP: 45/48 MP: 3/6
  3170 | D:4      | Found an iron altar of Okawaru.
  3428 | D:3      | Reached XP level 7. HP: 15/55 MP: 2/7
  3743 | D:4      | Noticed Blork the orc
  3753 | D:4      | Killed Blork the orc
  4260 | D:5      | Entered Level 5 of the Dungeon
  4311 | D:5      | Found Jiuch's Weapon Shoppe.
  4332 | D:5      | Reached skill level 5 in Long Blades
  4496 | D:5      | Found a hazy altar of Hepliaklqana.
  4549 | D:5      | Reached skill level 5 in Fighting
  4591 | D:5      | Gained mutation: You are mostly covered in large bone plates. (SH +6) [demonic ancestry]
  4591 | D:5      | Reached XP level 8. HP: 62/62 MP: 8/8
  4990 | D:5      | Reached skill level 5 in Armour
  5056 | D:5      | You fall through a shaft for 2 floors!
  5101 | D:6      | Found a radiant altar of Vehumet.
  5122 | D:5      | Found a sparkling altar of Nemelex Xobeh.
  5123 | D:5      | Found an opulent altar of Gozag.
  5388 | D:5      | Mangled by an orc warrior

Skill      XL: |  1  2  3  4  5  6  7  8 |
---------------+-------------------------+-----
Long Blades    | 2 3 4 5 |  5.9
Armour         | 3 4 5 |  5.1
Shields        | 3 4 |  4.9
Fighting       | 4 5 |  5.4

Action                   |  1- 3 |  4- 6 |  7- 9 || total
-------------------------+-------+-------+-------++-------
Melee: Long sword        |    99 |   171 |   120 ||   390
       Kick              |       |    13 |    39 ||    52
  Use: Scroll            |       |       |     4 ||     4
  Eat: Chunk             |     2 |     6 |     7 ||    15
Armor: Scale mail        |    17 |       |       ||    17
       Plate armour      |    47 |    77 |    53 ||   177
Dodge: Dodged            |    17 |     8 |    14 ||    39
Block: Shield            |    51 |   135 |    97 ||   283
       Rpst.: Long sword |     6 |     3 |     3 ||    12
